 Dungeon Crawl Stone Soup version 0.31-a0-182-gc5ef74bbde (webtiles) character file.

Game seed: 35851329236239891

749 qw the Chopper (level 7, -9/43 HPs)
             Began as a Gargoyle Fighter on June 21, 2023.
             Mangled by a wight
             ... wielding a +4 scimitar
              (12 damage)
             ... on level 4 of the Dungeon.
             The game lasted 00:01:35 (3190 turns).

qw the Chopper (Gargoyle Fighter)                   Turns: 3190, Time: 00:01:35

Health: -9/43      AC: 17    Str: 21    XL:     7   Next: 77%
Magic:  7/7        EV:  8    Int:  9    God:
Gold:   123        SH:  4    Dex:  9    Spells: 6/6 levels left

rFire   . . .        Y - +1 war axe
rCold   . . .        c - +0 buckler
rNeg    + . .        e - +0 chain mail
rPois   inf          h - +0 helmet
rElec   +            (no cloak)
rCorr   .            o - +0 pair of gloves
SInv    .            p - +0 pair of boots
Will    .....        (no amulet) Stlth
                     (no ring)
HPRegen 0.27/turn    (no ring)
MPRegen 0.10/turn

%: no passive effects
@: about to teleport, weakened
A: sickness immunity, AC +4, negative energy resistance 1, electricity
resistance, torment resistance 1, petrification resistance
a: no special abilities


You were on level 4 of the Dungeon.
You visited 1 branch of the dungeon, and saw 4 of its levels.

You collected 123 gold pieces.


Innate Abilities, Weirdness & Mutations

You are immune to sickness and miasma.
Your stone body is resilient. (AC +4)
You are immune to poison.
You resist negative energy. (rN+)
You are resistant to electric shocks. (rElec)
You are resistant to unholy torment.
You are immune to petrification.


   Skills:
 + Level 4.2 Fighting
 - Level 7.1 Axes
 - Level 3.2 Armour
 - Level 1.6 Dodging
 - Level 3.2 Shields


You had 6 spell levels left.
You didn't know any spells.
Your spell library was empty.

Inventory:

Hand Weapons
 k - a +0 morningstar
 Y - a +1 war axe (weapon)
Armour
 c - a +0 buckler (worn)
 e - a +0 chain mail (worn)
 h - a +0 helmet (worn)
 o - a +0 pair of gloves (worn)
 p - a +0 pair of boots (worn)
Scrolls
 a - 2 scrolls of identify
 g - a scroll of enchant armour {unknown}
Potions
 b - a potion of resistance
 d - a potion of might
 f - a potion of enlightenment {unknown}
 i - a potion of haste {unknown}
 j - a potion of mutation {unknown}
 l - a potion of attraction
 n - a potion of brilliance {unknown}
 q - a potion of ambrosia {unknown}

Dungeon Overview and Level Annotations

Branches:
Dungeon (4/15)
 Temple: D:4-7

Altars:
Fedhas
Hepliaklqana
Kikubaaqudgha


Message History

The wight is heavily damaged.
You slash the gnoll bouda! You barely miss the gnoll.
The gnoll is no longer moving quickly.
The gnoll completely misses you. The wight barely misses you.
The gnoll bouda hits you but does no damage.
You barely miss the gnoll bouda.
The gnoll bouda is heavily wounded.
You hit the gnoll. You closely miss the wight. The gnoll misses you.
The wight hits you with a +3 mace. You block the gnoll bouda's attack.
The gnoll hits you with a +0 club.
You hit the gnoll.
You kill the gnoll!
You hit the wight.
You hit the gnoll bouda but do no damage.
You block the gnoll bouda's attack.
You closely miss the wight.
The wight is almost destroyed.
You hit the wight. You slash the gnoll bouda!
The gnoll bouda closely misses you. The wight hits you but does no damage.
The wight hits you with a +0 morningstar.
The gnoll bouda barely misses you. The wight hits you but does no damage.
You block the wight's attack.
3188 ||| READING scroll of teleportation.
As you read the scroll of teleportation, it crumbles to dust.
You feel strangely unstable.
The gnoll bouda gazes fiercely through you!
You feel your attacks grow feeble. The gnoll bouda closely misses you.
The wight hits you with a +3 mace! You block the wight's attack.
You hit the gnoll bouda.
You kill the gnoll bouda!
You barely miss the wight. You hit the wight.
You destroy the wight!
The wight closely misses you.
Your Axes skill increases to level 7!
You barely miss the wight.
The wight is moderately damaged.
You hit the wight. You block the wight's attack.
The wight hits you with a +4 scimitar!
You die...

#......
####.....
.....?... #
#....... .#
#......## ..#
##......' ..
......z)##.####
......z@.......
.....##.##.#.#.
... #.# ..
##+####.# ..? #
#......##.# ..
#####......# #.
#...'......##
#.
#.###.........
#.
#.###......###
#.


You could see 2 wights.

Vanquished Creatures
  Grinder (D:4)
  An ogre (D:3)
  A scorpion (D:4)
  A wight (D:4)
  A jelly (D:3)
  A gnoll bouda (D:4)
  2 orc priests (D:3)
  Terence (D:2)
  3 orc wizards (D:3)
  3 gnolls (D:4)
  4 adders
  4 orcs (D:3)
  7 ball pythons
  2 bats
  9 endoplasms
  4 giant cockroaches
  3 goblins
  10 hobgoblins
  8 jackals
  2 quokkas
  3 frilled lizards
  7 kobolds
  2 rats
80 creatures vanquished.

Notes
Turn   | Place    | Note
-------+----------+-------------------------------------------
     0 | D:1      | qw the Gargoyle Fighter began the quest for the Orb.
     0 | D:1      | Reached XP level 1. HP: 14/14 MP: 1/1
     0 | D:1      | 0 ||| qw: Version: 0.3-a-9-g12657ce
     0 | D:1      | 0 ||| qw: Game counter: 1575
     0 | D:1      | 0 ||| qw: Always use a shield: true
     0 | D:1      | 0 ||| qw: God list: Okawaru
     0 | D:1      | 0 ||| qw: Allow faded altars: false
     0 | D:1      | 0 ||| qw: Do Orc after D:15 true
     0 | D:1      | 0 ||| qw: Do second Lair branch before Depths: true
     0 | D:1      | 0 ||| qw: Lair rune preference: random
     0 | D:1      | 0 ||| qw: Plans: Normal, Zot:1-4, Slime:5, God:TSO, Crypt,
                  | Tomb, Abyss, Pan, Hells, Win
     0 | D:1      | 0 ||| PLANNING D:1-11
    76 | D:1      | Reached skill level 2 in Axes
   238 | D:1      | Reached XP level 2. HP: 10/19 MP: 2/2
   334 | D:1      | 334 ||| Stepping ~*~*~tactically~*~*~ (stealth).
   353 | D:1      | 353 ||| Stepping ~*~*~tactically~*~*~ (stealth).
   396 | D:1      | 396 ||| DROPPING +0 club.
   441 | D:1      | 441 ||| Stepping ~*~*~tactically~*~*~ (stealth).
   452 | D:1      | Reached skill level 3 in Axes
   499 | D:1      | 499 ||| Stepping ~*~*~tactically~*~*~ (hiding).
   740 | D:1      | Reached XP level 3. HP: 23/23 MP: 3/3
  1014 | D:1      | 1014 ||| UPGRADING to +0 chain mail.
  1024 | D:1      | 1024 ||| DROPPING +0 scale mail.
  1025 | D:1      | 1025 ||| UPGRADING to +0 helmet.
  1030 | D:1      | 1030 ||| UPGRADING to +0 pair of gloves.
  1035 | D:1      | 1035 ||| UPGRADING to +0 pair of boots.
  1040 | D:1      | 1040 ||| DROPPING amulet of magic regeneration.
  1041 | D:1      | 1041 ||| READING 3 scrolls labelled VUSOPE GIZA.
  1042 | D:1      | 1042 ||| READING scroll labelled QIEJ CEPPYOC.
  1047 | D:1      | 1047 ||| READING scroll labelled MEXTU VORPHOS.
  1148 | D:1      | 1148 ||| READING scroll labelled HIOTOS AQEAGAXI.
  1149 | D:1      | 1149 ||| DROPPING 2 scrolls of poison.
  1212 | D:2      | Noticed Terence
  1223 | D:2      | Killed Terence
  1233 | D:2      | Reached XP level 4. HP: 24/28 MP: 4/4
  1436 | D:2      | Reached skill level 4 in Axes
  1805 | D:2      | 1805 ||| READING 3 scrolls labelled WINEV ITIVIL.
  1806 | D:2      | 1806 ||| READING scroll labelled UMIQAU GOLUEZEZI.
  1807 | D:2      | 1807 ||| READING scroll labelled SUR KARISUPNOE.
  1808 | D:2      | 1808 ||| READING scroll labelled DORHOP SIEL.
  1809 | D:2      | 1809 ||| DRINKING 2 sedimented grey potions.
  1810 | D:2      | 1810 ||| READING 2 scrolls of identify.
  1810 | D:2      | 1810 ||| IDENTIFYING murky purple potion
  1827 | D:3      | Found a blossoming altar of Fedhas.
  1828 | D:3      | Found an ancient bone altar of Kikubaaqudgha.
  2024 | D:3      | HP: 3/28 [orc priest/divine providence (9)]
  2025 | D:3      | 2025 ||| DRINKING potion of heal wounds.
  2030 | D:3      | Reached XP level 5. HP: 23/32 MP: 5/5
  2033 | D:3      | Reached skill level 5 in Axes
  2066 | D:3      | 2066 ||| DROPPING +2 whip of electrocution.
  2332 | D:3      | Reached XP level 6. HP: 35/38 MP: 6/6
  2334 | D:3      | 2334 ||| FLEEEEING.
  2335 | D:3      | 2335 ||| FLEEEEING.
  2336 | D:3      | 2336 ||| FLEEEEING.
  2337 | D:3      | 2337 ||| FLEEEEING.
  2338 | D:3      | 2338 ||| FLEEEEING.
  2339 | D:3      | 2339 ||| FLEEEEING.
  2340 | D:3      | 2340 ||| FLEEEEING.
  2341 | D:3      | 2341 ||| FLEEEEING.
  2342 | D:3      | 2342 ||| FLEEEEING.
  2343 | D:3      | 2343 ||| FLEEEEING.
  2344 | D:3      | 2344 ||| FLEEEEING.
  2345 | D:3      | 2345 ||| FLEEEEING.
  2346 | D:3      | 2346 ||| FLEEEEING.
  2347 | D:3      | 2347 ||| FLEEEEING.
  2351 | D:3      | 2351 ||| FLEEEEING.
  2352 | D:3      | 2352 ||| FLEEEEING.
  2353 | D:3      | 2353 ||| FLEEEEING.
  2354 | D:3      | 2354 ||| FLEEEEING.
  2355 | D:3      | 2355 ||| FLEEEEING.
  2356 | D:3      | 2356 ||| FLEEEEING.
  2357 | D:3      | 2357 ||| FLEEEEING.
  2361 | D:3      | 2361 ||| FLEEEEING.
  2362 | D:3      | 2362 ||| FLEEEEING.
  2742 | D:3      | 2742 ||| READING scroll labelled PYIWKO NOSELE.
  2743 | D:3      | 2743 ||| READING scroll labelled QEYNOL TIBLAET.
  2744 | D:3      | 2744 ||| DRINKING 2 brown potions.
  2935 | D:4      | Noticed Grinder
  2936 | D:4      | 2936 ||| Stepping ~*~*~tactically~*~*~ (stealth).
  2937 | D:4      | 2937 ||| Stepping ~*~*~tactically~*~*~ (stealth).
  2942 | D:4      | 2942 ||| Stepping ~*~*~tactically~*~*~ (stealth).
  2944 | D:4      | 2944 ||| Stepping ~*~*~tactically~*~*~ (hiding).
  2946 | D:4      | 2946 ||| Stepping ~*~*~tactically~*~*~ (hiding).
  2956 | D:4      | Killed Grinder
  2957 | D:4      | Reached skill level 6 in Axes
  2957 | D:4      | Reached XP level 7. HP: 25/43 MP: 7/7
  2969 | D:4      | 2969 ||| Stepping ~*~*~tactically~*~*~ (stealth).
  2971 | D:4      | 2971 ||| Stepping ~*~*~tactically~*~*~ (stealth).
  2974 | D:4      | 2974 ||| Stepping ~*~*~tactically~*~*~ (stealth).
  3055 | D:4      | Found a hazy altar of Hepliaklqana.
  3182 | D:4      | Reached skill level 1 in Dodging
  3187 | D:4      | HP: 10/43 [wight/+0 morningstar (4)]
  3188 | D:4      | 3188 ||| READING scroll of teleportation.
  3188 | D:4      | HP: 2/43 [wight/+3 mace (8)]
  3190 | D:4      | Reached skill level 7 in Axes
  3190 | D:4      | Mangled by a wight

Levels and vault maps discovered:
D:1:      mushboom_english_gardens, layout_basic
D:2:      layout_loops_cross, hangedman_abyss_or_decor_stabs, uniq_terence
D:3:      layout_basic, grunt_temple_overflow_growth_and_decay
D:4:      layout_basic, nicolae_hepliaklqana_hazy_memory, uniq_grinder

Skill      XL: |  1  2  3  4  5  6  7 |
---------------+----------------------+-----
Axes           | 2 3 4 5 6 7 |  7.1
Fighting       | 4 |  4.2
Dodging        | 1 |  1.6
Armour         | |  3.2
Shields        | |  3.2

Action                     |  1- 3 |  4- 6 |  7- 9 || total
---------------------------+-------+-------+-------++-------
  Melee: War axe           |   101 |   117 |    44 ||   262
    Use: Scroll            |     4 |     7 |     1 ||    12
         Potion            |       |     3 |       ||     3
 Armour: Scale mail        |    27 |       |       ||    27
         Chain mail        |    31 |    78 |    41 ||   150
  Dodge: Dodged            |    45 |    30 |    29 ||   104
  Block: Buckler           |    19 |    19 |     9 ||    47

Table legend:
 A = Non-vault XP
 B = Vault XP
 C = Vault XP percentage of total XP
 D = Non-vault monster count
 E = Vault monster count
 F = Vault count percentage of total count
                 A         B        C        D         E       F
            +---------+---------+-------+---------+---------+-------
      Total |     753 |     317 |  29.6 |      78 |       2 |   2.5
            +---------+---------+-------+---------+---------+-------
        D:1 |      38 |       0 |   0.0 |      22 |       0 |   0.0
        D:2 |      42 |      36 |  46.2 |      14 |       1 |   6.7
        D:3 |     395 |       0 |   0.0 |      23 |       0 |   0.0
        D:4 |     278 |     281 |  50.3 |      19 |       1 |   5.0
            +---------+---------+-------+---------+---------+-------
